 Dungeon Crawl Stone Soup version 0.31-a0-691-g409c26aa35 (webtiles) character file.

Game seed: 13721022601236896014

561 Zonian the Covered (level 7, -1/96 HPs)
             Began as an Armataur Fighter on Sept 6, 2023.
             Killed from afar by a white imp (6 damage)
             ... with a puff of frost
             ... summoned by Eustachio
             ... on level 4 of the Dungeon.
             The game lasted 00:08:24 (4632 turns).

Zonian the Covered (Armataur Fighter)               Turns: 4632, Time: 00:08:25

Health: -1/96      AC:  8    Str: 24      XL:     7   Next: 9%
Magic:  7/7        EV:  7    Int:  8      God:
Gold:   212        SH:  3    Dex:  4 (9)  Spells: 6/6 levels left

rFire   . . .        t - +0 mace
rCold   . . .        c - +0 buckler
rNeg    . . .        b - +0 scale mail
rPois   .            (no helmet)
rElec   .            q - +0 cloak
rCorr   .            (no gloves)
SInv    .            (no barding)
Will    .....        (no amulet) Stlth
                     (no ring)
HPRegen 0.36/turn    (no ring)
MPRegen 0.10/turn

%: roll
@: berserking, weak-willed, attractive, enlightened, flying, studying Maces &
Flails, very quick
A: large, rugged brown scales 3, deformed body, armoured tail, roll, long
tongue, awkward tongue
a: no special abilities


You were on level 4 of the Dungeon.
You visited 1 branch of the dungeon, and saw 4 of its levels.

You collected 270 gold pieces.
You spent 58 gold pieces at shops.

Inventory:

Hand Weapons
 a - a +0 long sword
 s - a +4 club
 t - a +0 mace (weapon)
Missiles
 f - 14 poisoned darts
Armour
 b - a +0 scale mail (worn)
 c - a +0 buckler (worn)
 q - a +0 cloak (worn)
Wands
 r - a wand of charming (6)
Scrolls
 d - a scroll of silence {unknown}
 g - a scroll of vulnerability
 i - 2 scrolls of teleportation {unknown}
 l - a scroll of enchant armour {unknown}
 n - a scroll of identify {unknown}
 p - a scroll of enchant weapon {unknown}
Potions
 e - a potion of cancellation {unknown}
 j - a potion of enlightenment
 m - a potion of ambrosia {unknown}
 o - a potion of attraction


   Skills:
 + Level 4.8 Fighting
 - Level 3.1 Long Blades
 + Level 3.8 Maces & Flails
 + Level 6.2 Armour
 - Level 3.5 Shields


You had 6 spell levels left.
You didn't know any spells.
Your spell library was empty.

Dungeon Overview and Level Annotations

Branches:
Dungeon (4/15)
 Temple: D:4-7

Altars:
Elyvilon
Ru
Sif Muna

Shops:
D:3 [

Annotations:
D:4 Eustachio


Innate Abilities, Weirdness & Mutations

You are completely covered in rugged brown scales. (AC +3, +7% HP)
Armour fits poorly on your strangely shaped body.
You have a long armoured tail.
You roll when moving toward enemies. (Rampage)
Your long tongue fully drains potion bottles. (2x potion effects)
Your tongue gives you trouble enunciating. (1.5x scroll delay)


Message History

Eustachio blinks!
The quokka bites you.
* * * LOW HITPOINT WARNING * * *
The rat closely misses you. The iron imp barely misses you.
The quasit bites you but does no damage.
You block the quasit's attack.
The quasit claws you but does no damage.
The quokka barely misses you.
It was a potion of attraction.
You feel attractive to monsters.
You slurp down every last drop of the potion of attraction!
The quokka bites you but does no damage.
The white imp barely misses you. The rat bites you but does no damage.
You block the quasit's attack.
The quasit claws you but does no damage. x2
The quokka bites you but does no damage.
The iron imp hits you but does no damage.
Eustachio is attracted toward you.
It was a potion of berserk rage.
A red film seems to cover your vision as you go berserk!
You feel yourself moving faster!
You feel mighty!
You slurp down every last drop of the potion of berserk rage!
The quokka bites you.
* * * LOW HITPOINT WARNING * * *
The quasit bites you but does no damage.
The quasit barely misses you. You block the quasit's attack.
The white imp barely misses you.
Eustachio casts a spell.
The quokka barely misses you. The rat bites you but does no damage.
You barely miss Eustachio.
Eustachio is heavily wounded.
The quasit bites you.
* * * LOW HITPOINT WARNING * * *
You feel clumsy. The quasit completely misses you.
The quasit barely misses you.
The quokka bites you but does no damage.
The iron imp barely misses you.
The quokka bites you but does no damage.
The white imp gestures at you. The puff of frost hits you.
You die...

..## #........ ....
##...#### ... ##.##
####.#### #.#
#.......# #.#
#.......# ##'##
#.......# ##...##
#..r@5..# ##.....##
#.rr@r..# ##.......##
#..5.5..###.........#
#.........'.........'
###....####.........#
#....## ##.......##
#.....# ##.....##
#.##..# ##...##
#.##..# ##+## #.##..#
#.#


You could see Eustachio (weak-willed), an iron imp (summoned, weak-willed), a
quasit (summoned, weak-willed), a white imp (summoned, weak-willed), 2 quokkas
and 2 rats.

Vanquished Creatures
  Grinder (D:3)
  A hound (D:4)
  2 orc priests (D:4)
  Jessica (D:3)
  2 sleepcaps (D:4)
  Ijyb (D:3)
  2 iguanas (D:4)
  5 adders
  A gnoll (D:1)
  3 worms
  2 dart slugs
  5 orcs
  5 endoplasms
  2 giant cockroaches
  7 goblins
  5 hobgoblins
  4 quokkas
  6 ball pythons
  4 bats
  5 frilled lizards
  7 kobolds
  6 rats (D:1)
77 creatures vanquished.

Notes
Turn   | Place    | Note
-------+----------+-------------------------------------------
     0 | D:1      | Zonian the Armataur Fighter began the quest for the Orb.
     0 | D:1      | Reached XP level 1. HP: 19/19 MP: 1/1
   100 | D:1      | Reached XP level 2. HP: 26/26 MP: 2/2
   273 | D:1      | Reached skill level 4 in Armour
   285 | D:1      | Reached XP level 3. HP: 18/33 MP: 3/3
   391 | D:1      | Found a faded altar of an unknown god.
  1129 | D:2      | Reached XP level 4. HP: 39/40 MP: 4/4
  1782 | D:3      | Found a white marble altar of Elyvilon.
  2076 | D:3      | Found Ingitoil's Armour Shop.
  2086 | D:3      | Bought a +0 cloak for 58 gold pieces
  2107 | D:3      | Noticed Ijyb
  2160 | D:3      | Killed Ijyb
  2161 | D:3      | Reached XP level 5. HP: 34/49 MP: 5/5
  2234 | D:3      | Noticed Jessica
  2467 | D:3      | Killed Jessica
  2468 | D:3      | Reached skill level 5 in Armour
  2899 | D:3      | Found a shimmering blue altar of Sif Muna.
  3013 | D:3      | Noticed Grinder
  3013 | D:3      | Paralysed by Grinder for 2 turns
  3024 | D:3      | Killed Grinder
  3025 | D:3      | Reached XP level 6. HP: 29/56 MP: 6/6
  3184 | D:3      | Found a sacrificial altar of Ru.
  3817 | D:4      | Reached skill level 6 in Armour
  4414 | D:4      | Reached XP level 7. HP: 47/64 MP: 7/7
  4581 | D:4      | Noticed Eustachio
  4632 | D:4      | Killed from afar by a white imp

Illustrated notes

Levels and vault maps discovered:
D:1:      dpeg_arrival_ratfight, layout_basic,
          hellmonk_ecumenical_altar_run_dry, minmay_bisected
D:2:      layout_basic, hangedman_decor_diamond_cutter, kennysheep_another_room,
          minmay_unequal
D:3:      layout_basic, nicolae_ru_path_of_blood, lemuel_crystal_altar, tgw_sif,
          serial_shops, shop, kennysheep_generic_room_4, uniq_ijyb, uniq_grinder
D:4:      layout_loops_corners, zin_angel, gammafunk_temple_overflow_elements,
          ebering_ghost_reflecting_pool, uniq_eustachio

Skill      XL: |  1  2  3  4  5  6 |
---------------+-------------------+-----
Long Blades    | 2 3 |  3.1
Fighting       | 3 4 |  4.8
Armour         | 4 5 6 |  6.2
Maces & Flails | 2 3 |  3.8
Shields        | |  3.5

Action                     |  1- 3 |  4- 6 |  7- 9 || total
---------------------------+-------+-------+-------++-------
  Melee: Long sword        |   142 |   136 |       ||   278
         Tailslap          |    17 |    21 |     2 ||    40
         Mace              |       |    34 |    27 ||    61
  Evoke: Wand              |       |       |     2 ||     2
    Use: Potion            |       |     3 |     4 ||     7
         Scroll            |       |       |     1 ||     1
 Armour: Scale mail        |   111 |   138 |   128 ||   377
  Dodge: Dodged            |    33 |    46 |    67 ||   146
  Block: Buckler           |    28 |    18 |    37 ||    83

Table legend: (Time is in decaauts)
 A = Elapsed time spent in this place.
 B = Non-inter-level travel time spent in this place.
 C = Inter-level travel time spent in this place.
 D = Time resting spent in this place.
 E = Time spent auto-exploring this place.
 F = Levels seen in this place.
 G = Mean time per level.
                   A        B        C        D        E       F      G
               +--------+--------+--------+--------+--------+-----+--------+
         Total |   4742 |   4699 |     43 |   2052 |   1782 |   4 | 1185.5 |
       Dungeon |   4742 |   4699 |     43 |   2052 |   1782 |   4 | 1185.5 |
               +--------+--------+--------+--------+--------+-----+--------+

Top non-repeatable levels by time:
     D:3: 1528 daAuts
     D:4: 1455 daAuts
     D:2: 929 daAuts
     D:1: 829 daAuts
